 Dungeon Crawl Stone Soup version 0.22.1-2-g9c5b331 (webtiles) character file.

2492 mistaalex the Grappler (level 9, -1/84 HPs)
             Began as a Troll Berserker on Nov 15, 2018.
             Was an Elder of Trog.
             Slain by a vampire (10 damage)
             ... on level 7 of the Dungeon.
             The game lasted 00:37:43 (4227 turns).

mistaalex the Grappler (Troll Berserker)            Turns: 4227, Time: 00:37:44

Health: -1/84      AC:  7    Str: 29    XL:     9   Next: 27%
Magic:  8/8        EV: 12    Int:  3    God:    Trog [****..]
Gold:   287        SH:  0    Dex: 10    Spells: 8/8 levels left

rFire    . . .     SeeInvis .     - Unarmed
rCold    . . .     Gourm    +   (no shield)
rNeg     . . .     Faith    .   a - +1 animal skin
rPois    .         Spirit   .   (helmet restricted)
rElec    .         Reflect  .   (no cloak)
rCorr    .         Harm     .   (gloves unavailable)
MR       .....                  (boots unavailable)
Stlth    +.........             d - amulet of regeneration
HPRegen  1.04/turn              q - ring of flight
MPRegen  0.11/turn              j - +1 ring of protection

@: confused, berserk cooldown, slowed, very slow
A: large, unfitting armour, antennae 1, claws 3, fast metabolism 3, gourmand,
regeneration 1, screaming 1, shaggy fur 1, tough skin 2
a: Berserk, Trog's Hand, Brothers in Arms, Renounce Religion, Evoke Flight


You were on level 7 of the Dungeon.
You worshipped Trog.
Trog was greatly pleased with you.
You were not hungry.

You visited 1 branch of the dungeon, and saw 7 of its levels.

You collected 294 gold pieces.
You spent 7 gold pieces at shops.

Inventory:

Hand Weapons
 e - a +3 whip of freezing
Armour
 a - a +1 animal skin (worn)
Jewellery
 d - an amulet of regeneration (around neck)
 j - a +1 ring of protection (right claw)
 o - an uncursed ring of stealth
 q - a ring of flight (left claw)
Wands
 h - a wand of flame (80)
 w - a wand of iceblast (9)
Scrolls
 c - 2 scrolls of magic mapping
 f - 3 scrolls of remove curse
 g - a scroll of blinking
 i - 3 scrolls of amnesia
 t - a scroll of fog
Potions
 r - a potion of agility
Comestibles
 b - a ration


   Skills:
 + Level 4.1 Fighting
 + Level 6.0 Dodging
 + Level 1.6 Stealth
 + Level 9.9 Unarmed Combat
 + Level 0.2 Evocations


You had 8 spell levels left.
You didn't know any spells.
Your spell library was empty.

Dungeon Overview and Level Annotations

Branches:
Dungeon (7/15)             Temple (0/1) D:6

Altars:
Fedhas

Shops:
D:4 (:([   D:5 :


Innate Abilities, Weirdness & Mutations

You are too large for most types of armour.
You have claws for hands.
Your metabolism is lightning-fast.
You like to eat raw meat.
Your natural rate of healing is unusually fast.
You are covered in fur. (AC +1)
You have very tough skin. (AC +2)
You have a pair of small antennae on your head.
You occasionally shout uncontrollably at your foes.


Message History

You're too confused!
A red film seems to cover your vision as you go berserk!
You feel yourself moving faster!
You feel mighty! The gnoll closely misses you. Something hits you.
* * * LOW HITPOINT WARNING * * *
Something bites you.
* * * LOW HITPOINT WARNING * * *
Something draws strength from your injuries!
You feel a strong urge to attack something.
Something hits you!
* * * LOW HITPOINT WARNING * * *
Something bites you!
* * * LOW HITPOINT WARNING * * *
Something draws strength from your injuries!
You feel your anger nearly subside.
You are no longer berserk.
You are exhausted.
You feel yourself slow down. The gnoll barely misses you. Something hits you.
* * * LOW HITPOINT WARNING * * *
Something bites you!
You die...

..# ... ##.# ...
##.## #...# #...#
# #..@# .#
#####.{.###.#
.##.....g.....#.
.......).........
.##..............
#####...#####..
#...# . #...# ...
#...# #..


You could see a gnoll.

Vanquished Creatures
  Pikel (D:6)
  Grinder (D:5)
  A hungry ghost (D:7)
  Eustachio (D:6)
  4 slaves (D:6)
  3 necrophages (D:6)
  4 ogres
  4 phantoms
  2 howler monkeys
  A centaur zombie (D:6)
  3 orc wizards
  Ijyb (D:5)
  Natasha (D:3)
  2 iguanas (D:5)
  A worker ant (D:4)
  2 hound zombies
  A worker ant zombie (D:6)
  6 gnolls
  8 adders
  An ooze (D:3)
  An adder skeleton (D:4)
  2 adder zombies
  5 worms
  A dart slug (D:3)
  5 leopard geckos
  11 orcs
  2 giant cockroaches
  11 goblins
  8 hobgoblins
  5 jackals (D:5)
  2 quokkas
  6 bats
  2 frilled lizards
  9 kobolds
  8 rats
  2 bushes (D:6)
  A plant (D:3)
129 creatures vanquished.

Vanquished Creatures (others)
  A quokka (D:7)
  7 plants (D:6)
8 creatures vanquished.

Grand Total: 137 creatures vanquished

Notes
Turn   | Place    | Note
-------+----------+-------------------------------------------
     0 | D:1      | mistaalex the Troll Berserker began the quest for the Orb.
     0 | D:1      | Reached XP level 1. HP: 22/22 MP: 0/0
   267 | D:1      | Reached XP level 2. HP: 29/29 MP: 1/1
   809 | D:2      | Reached ** piety under Trog
   809 | D:2      | Reached XP level 3. HP: 35/36 MP: 2/2
  1236 | D:2      | Reached skill level 4 in Unarmed Combat
  1313 | D:2      | Reached XP level 4. HP: 44/44 MP: 3/3
  1643 | D:3      | Noticed Natasha
  1650 | D:3      | Killed Natasha
  1828 | D:3      | Reached XP level 5. HP: 52/52 MP: 4/4
  1932 | D:4      | Found Guywis's Antique Weapon Shop.
  1966 | D:4      | Found Urocossol's Book Emporium.
  2014 | D:4      | Reached skill level 5 in Unarmed Combat
  2098 | D:4      | Reached *** piety under Trog
  2164 | D:4      | Found Ifeif's Armour Shoppe.
  2167 | D:4      | Bought a +0 robe for 7 gold pieces
  2185 | D:4      | Noticed a phantom
  2187 | D:4      | Noticed a phantom
  2211 | D:4      | Killed a phantom
  2211 | D:4      | Reached XP level 6. HP: 50/61 MP: 5/5
  2279 | D:4      | Reached skill level 6 in Unarmed Combat
  2294 | D:4      | Found Gutefea's Weapon Shoppe.
  2360 | D:4      | Reached XP level 7. HP: 58/67 MP: 6/6
  2397 | D:5      | Entered Level 5 of the Dungeon
  2411 | D:5      | Reached skill level 1 in Stealth
  2650 | D:5      | Gained mutation: You occasionally shout uncontrollably at
                  | your foes. [potion of mutation]
  2650 | D:5      | Gained mutation: You have a pair of small antennae on your
                  | head. [potion of mutation]
  2664 | D:5      | Found Wuss's Book Emporium.
  2719 | D:5      | Reached skill level 7 in Unarmed Combat
  2797 | D:5      | Noticed Grinder
  2815 | D:5      | Killed Grinder
  2839 | D:5      | Noticed Ijyb
  2844 | D:5      | Killed Ijyb
  2844 | D:5      | Reached XP level 8. HP: 75/75 MP: 7/7
  3029 | D:6      | Found a staircase to the Ecumenical Temple.
  3073 | D:6      | Noticed Pikel
  3099 | D:6      | Killed Pikel
  3099 | D:6      | Reached skill level 5 in Dodging
  3099 | D:6      | Reached skill level 8 in Unarmed Combat
  3289 | D:6      | Noticed Eustachio
  3301 | D:6      | Killed Eustachio
  3301 | D:6      | Reached skill level 9 in Unarmed Combat
  3605 | D:6      | Reached **** piety under Trog
  3703 | D:6      | Found a blossoming altar of Fedhas.
  3927 | D:6      | Reached XP level 9. HP: 78/83 MP: 8/8
  4227 | D:7      | Slain by a vampire

Skill      XL: |  1  2  3  4  5  6  7  8  9 |
---------------+----------------------------+-----
Unarmed Combat | 4 5 6 7 9 |  9.9
Dodging        | 3 4 5 6 |  6.0
Fighting       | 3 4 |  4.1
Stealth        | 1 |  1.6
Evocations     | |  0.2

Action                   |  1- 3 |  4- 6 |  7- 9 || total
-------------------------+-------+-------+-------++-------
Melee: Unarmed           |    87 |   111 |   217 ||   415
       Punch             |       |     4 |    10 ||    14
Evoke: Wand              |       |       |     3 ||     3
  Use: Scroll            |     2 |     3 |    10 ||    15
       Potion            |       |     3 |     8 ||    11
 Stab: Sleeping          |       |     2 |       ||     2
  Eat: Ration            |     3 |     3 |     5 ||    11
Armor: Animal skin       |    54 |    33 |    42 ||   129
Dodge: Dodged            |    74 |    54 |   108 ||   236
